 Dungeon Crawl Stone Soup version 0.14-a0-1969-g2c76abe (webtiles) character file.

1314 4tharraofdagon the Arsonist (level 8, -12/66 HPs)
             Began as a Djinni Fire Elementalist on Jan 17, 2014.
             Mangled by an ogre
             ... wielding a +0,+0 giant club
              (18 damage)
             ... on Level 7 of the Dungeon.
             The game lasted 00:11:05 (1848 turns).

4tharraofdagon the Arsonist (DjFE)                  Turns: 1848, Time: 00:11:05

HP -12/66        AC  3     Str  9      XL: 8   Next:  9%
MP   0/0         EV 12     Int 25      God:
Gold 227         SH  0     Dex 14      Spells:  4 memorised,  4 levels left

rFire  + + +     SeeInvis +     k - +9,+2 spear of the Crawling Thing {venom, +Fly SInv}
rCold  x . .     Clarity  .     a - +0 robe
rNeg   + + +     Conserve .     (no shield)
rPois  .         rCorr    .     (no helmet)
rElec  .         rRot     .     (no cloak)
SustAb . .       Spirit   .     (no gloves)
rMut   .         Warding  .     (boots unavailable)
Saprov . . .     Stasis   .     (no amulet)
MR     .....                    y - +3 ring of intelligence
                                z - +1 ring of protection

@: confused, brilliant, flying, very slightly contaminated, not resistant to
hostile enchantments, very unstealthy
A: fire immunity, cold vulnerability, mutation resistance 1, life protection 3
a: no special abilities


You were on level 7 of the Dungeon.
You were not hungry.

You visited 1 branch of the dungeon, and saw 7 of its levels.

You collected 227 gold pieces.

Inventory:

Hand weapons
 e - a +0,+0 elven dagger
 f - a +2,+1 whip of electrocution
 k - the +9,+2 spear of the Crawling Thing (weapon) {venom, +Fly SInv}
   (You found it on level 4 of the Dungeon)

   It poisons the flesh of those it strikes.
   It enhances your eyesight.
   It lets you fly.
Missiles
 n - 18 darts of flame (quivered)
Armour
 a - a +0 robe (worn)
Magical devices
 v - a wand of frost (2)
 A - a wand of slowing (9)
Scrolls
 c - a scroll of magic mapping {unknown}
 d - a scroll of enchant weapon I {unknown}
 g - 2 scrolls of identify {unknown}
 h - 2 scrolls of curse armour {unknown}
 i - a scroll of enchant weapon II {unknown}
 j - 2 scrolls of curse weapon {unknown}
 m - a scroll of fog {unknown}
 p - a scroll of enchant armour {unknown}
 q - a scroll of teleportation {unknown}
 r - 2 scrolls of curse jewellery {unknown}
 t - 2 scrolls of blinking {unknown}
 w - 2 scrolls of amnesia {unknown}
 F - a scroll of remove curse {unknown}
Jewellery
 o - a +4 ring of strength
 s - an uncursed ring of teleport control
 y - a +3 ring of intelligence (right hand)
 z - a +1 ring of protection (left hand)
Potions
 l - a potion of agility
 x - a potion of brilliance
Books
 b - a book of Flames

   Spells                             Type                      Level
   *Flame Tongue                      Conjuration/Fire             1
   Throw Flame                        Conjuration/Fire             2
   *Conjure Flame                     Conjuration/Fire             3
   Inner Flame                        Hexes/Fire                   3
   *Sticky Flame                      Conjuration/Fire             4
   *Fireball                          Conjuration/Fire             5
 C - a book of Callings

   Spells                             Type                      Level
   Summon Small Mammal                Summoning                    1
   Call Imp                           Summoning                    2
   Call Canine Familiar               Summoning                    3
   Summon Scorpions                   Summoning/Poison             4
   Summon Ice Beast                   Ice/Summoning                4
 E - a book of Control

   Spells                             Type                      Level
   Control Teleport                   Charms/Translocation         4
   Control Undead                     Necromancy                   4
   Enslavement                        Hexes                        4
   Mass Confusion                     Hexes                        6
   Metabolic Englaciation             Hexes/Ice                    6


   Skills:
 - Level 1.7 Dodging
 - Level 1.5 Stealth
 + Level 5.2 Spellcasting
 * Level 6.5 Conjurations
 * Level 8.9 Fire Magic


You had 4 spell levels left.
You knew the following spells:

 Your Spells              Type           Power        Failure   Level  Hunger
a - Flame Tongue          Conj/Fire      #####        1%          1    None
b - Conjure Flame         Conj/Fire      ######..     1%          3    ##.....
c - Sticky Flame          Conj/Fire      ######..     1%          4    ###....
d - Fireball              Conj/Fire      ######....   1%          5    #####..


Dungeon Overview and Level Annotations

Branches:
Dungeon (7/16)
 Temple: D:4-7

Altars:

Shops:
D:4 :   D:5 /

Annotations:
D:7 Joseph


Innate Abilities, Weirdness & Mutations

You are immune to all types of fire, even holy and hellish.
You are vulnerable to cold.
You need no food.
You have no legs.
You are immune to negative energy.
You are somewhat resistant to further mutation.


Message History

It was a potion of brilliance.
Ijyb burns!
You kill Ijyb!
Unknown command.
Drink which item? (? for menu, Esc to quit)
You feel extremely strange.
It was a potion of mutation.
The rat barely misses you.
Casting: Sticky Flame
Confirm with . or Enter, or press ? or * to list all spells.
You don't have enough magic to cast that spell.
Casting: Sticky Flame
Confirm with . or Enter, or press ? or * to list all spells.
You don't have enough magic to cast that spell.
Drink which item? (? for menu, Esc to quit)
Okay, then.
Drink which item? (? for menu, Esc to quit)
You feel refreshed.
It was a potion of restore abilities.
The rat misses you.
Drink which item? (? for menu, Esc to quit)
You are confused.
It was a potion of confusion.
The ogre hits you with a giant club!
You die...

.# ## (. .. #.##
#### #. ... ... #.
..# ##.## #.
#..######...###.
###..##.....#....#
#@O.....# #...###.
#r#@.#### ##.## #.
#.#..# #.# #.
#.#..# #.# #.
#.#..#######.# #.
#.#..@.......# ##
#.....########
####..# #(.#


You could see Joseph, an ogre and a rat.

Vanquished Creatures
  2 sky beasts
  A centaur (D:5)
  A phantom (D:7)
  2 ogres
  2 giant frogs
  A hippogriff zombie (D:6)
  A centaur skeleton (D:5)
  3 hounds
  A giant frog zombie (D:7)
  An orc wizard (D:4)
  A scorpion (D:4)
  5 worker ants
  Ijyb (D:7)
  2 worms
  A giant mite (D:4)
  A giant eyeball (D:4)
  12 orcs
  3 giant cockroaches
  6 goblins
  4 hobgoblins
  8 jackals
  2 kobolds
  A quokka (D:6)
  A ball python (D:2)
  5 bats
  3 giant newts
  A goblin skeleton (D:4)
  A kobold skeleton (D:4)
  3 rats
  A rat skeleton (D:4)
77 creatures vanquished.

Notes
Turn   | Place    | Note
--------------------------------------------------------------
     0 | D:1      | 4tharraofdagon, the Djinni Fire Elementalist, began the quest for the Orb.
     0 | D:1      | Reached XP level 1. HP: 14/14 MP: 0/0
   101 | D:1      | Reached XP level 2. EP: 1/22
   358 | D:4      | Reached XP level 3. EP: 22/27
   370 | D:4      | Got an ichor-stained spear
   371 | D:4      | Identified the +9,+2 spear of the Crawling Thing {venom, +Fly SInv} (You found it on level 4 of the Dungeon)
   404 | D:4      | Learned a level 3 spell: Conjure Flame
   428 | D:4      | Reached skill level 5 in Fire Magic
   534 | D:4      | Reached XP level 4. EP: 11/36
   544 | D:4      | Noticed an ogre
   552 | D:4      | Killed an ogre
   552 | D:4      | Reached XP level 5. EP: 9/42
   552 | D:4      | Paralysed by a giant eyeball for 2 turns
   559 | D:4      | Paralysed by a giant eyeball for 2 turns
   577 | D:4      | Reached skill level 6 in Fire Magic
   602 | D:4      | Learned a level 4 spell: Sticky Flame
   655 | D:4      | Reached XP level 6. EP: 35/49
   701 | D:4      | Found Klerr's Book Emporium.
   725 | D:4      | Noticed a sky beast
   764 | D:4      | Killed a sky beast
   771 | D:4      | Gained mutation: You are somewhat resistant to further mutation. [mutagenic meat]
   904 | D:5      | Entered Level 5 of the Dungeon
  1041 | D:5      | Reached skill level 7 in Fire Magic
  1128 | D:5      | Reached skill level 5 in Conjurations
  1245 | D:5      | Reached XP level 7. EP: 51/58
  1360 | D:5      | Found Wiuxkuwk's Magical Wand Shop.
  1435 | D:6      | Learned a level 5 spell: Fireball
  1553 | D:6      | Reached skill level 8 in Fire Magic
  1651 | D:7      | Reached skill level 5 in Spellcasting
  1718 | D:7      | Reached XP level 8. EP: 30/66
  1816 | D:7      | Noticed Ijyb
  1832 | D:7      | Noticed Joseph
  1845 | D:7      | Killed Ijyb
  1848 | D:7      | Mangled by an ogre

Action                   |  1- 3 |  4- 6 |  7- 9 || total
-------------------------+-------+-------+-------++-------
Melee: Whip              |    30 |       |       ||    30
       Spear             |    40 |   135 |    58 ||   233
 Cast: Flame Tongue      |    13 |       |       ||    13
       Conjure Flame     |     2 |     7 |     7 ||    16
       Sticky Flame      |       |       |     5 ||     5
Evoke: Wand              |       |       |     2 ||     2
  Use: Potion            |       |     2 |     4 ||     6
 Stab: Sleeping          |     4 |       |     2 ||     6
